MID
KANE COUNTY COUGARS @ ATLANTA (MID) BRAVES
08/31/2046
 
TOP OF THE 1ST
Kane County Cougars batting - Pitching for Atlanta (MID) Braves : RHP Omar Orosco
Pitching: RHP Omar Orosco
Batting: RHB Ernesto Zamora 0-0: Swinging Strike
0-1: Ball
1-1: Foul Ball, location: 2F
1-2: Foul Ball, location: 2F
1-2: Strikes out looking
Batting: RHB Paul Schreiber 0-0: Ball
1-0: Ball
2-0: Foul Ball, location: 2F
2-1: Swinging Strike
2-2: Foul Ball, location: 2F
2-2: Ball
3-2: Strikes out swinging
Batting: RHB Chad Mendoza 0-0: Called Strike
0-1: Ball
1-1: Foul Ball, location: 2F
1-2: Ball
2-2: Foul Ball, location: 2F
2-2: Strikes out swinging
Top of the 1st over - 0 runs, 0 hits, 0 errors, 0 left on base; Kane County 0 - Atlanta (MID) 0
BOTTOM OF THE 1ST
Atlanta (MID) Braves batting - Pitching for Kane County Cougars : RHP Alex Andrade
Pitching: RHP Alex Andrade
Batting: RHB Toki Takeuchi 0-0: Foul Ball, location: 2F
0-1: Foul Ball, location: 2F
0-2: Ball
1-2: Foul Ball, location: 2F
1-2: Ball
2-2: Ball
3-2: Foul Ball, location: 2F
3-2: Base on Balls
Batting: LHB Luis Cruz 0-0: Swinging Strike
0-1: Ball
Toki Takeuchi steals 2nd base
1-1: SINGLE (Groundball, 4MS, EV 67.5 MPH) (infield hit)
Toki Takeuchi to third
Batting: LHB Art D'Ascenzo 0-0: Called Strike
Luis Cruz steals 2nd base
0-1: Reached via error on a dropped throw from 2B, E3 (Groundball, 4, EV 86.9 MPH)
Toki Takeuchi scores
Luis Cruz to third
Batting: RHB Jose Ramos 0-0: Swinging Strike
0-1: Swinging Strike
0-2: Ball
1-2: Foul Ball, location: 2F
1-2: Ball
2-2: Fielders Choice at 2nd, 4-6 (Groundball, 34, EV 86.2 MPH)
Luis Cruz scores
Batting: RHB Badr al Din Ridha 0-0: Ball
1-0: Fielders Choice at 2nd, 4-6 (Groundball, 34, EV 86.9 MPH)
Batting: RHB Mike Shook 0-0: Called Strike
Badr al Din Ridha is caught stealing 2nd base 2-4
Bottom of the 1st over - 2 runs, 1 hit, 1 error, 0 left on base; Kane County 0 - Atlanta (MID) 2
TOP OF THE 2ND
Kane County Cougars batting - Pitching for Atlanta (MID) Braves : RHP Omar Orosco
Batting: RHB Steve Machol 0-0: Ball
1-0: Foul Ball, location: 2F
1-1: Called Strike
1-2: Ball
2-2: Fly out, F8 (Line Drive, 89M, EV 101.2 MPH)
Batting: RHB Sergio Manzanero 0-0: Ball
1-0: Called Strike
1-1: Ball
2-1: Swinging Strike
2-2: Strikes out swinging
Batting: SHB Evan Armagost 0-0: Ball
1-0: Swinging Strike
1-1: Ball
2-1: Foul Ball, location: 2F
2-2: Strikes out swinging
Top of the 2nd over - 0 runs, 0 hits, 0 errors, 0 left on base; Kane County 0 - Atlanta (MID) 2
BOTTOM OF THE 2ND
Atlanta (MID) Braves batting - Pitching for Kane County Cougars : RHP Alex Andrade
Batting: RHB Mike Shook 0-0: Foul Ball, location: 2F
0-1: Foul Ball, location: 2F
0-2: Strikes out swinging
Batting: RHB Andy Cunningham 0-0: Ball
1-0: Foul Ball, location: 2F
1-1: Ball
2-1: Called Strike
2-2: Strikes out swinging
Batting: SHB Ian Arlotta 0-0: Called Strike
0-1: Ball
1-1: Foul Ball, location: 2F
1-2: Foul Ball, location: 2F
1-2: Foul Ball, location: 2F
1-2: Ball
2-2: Strikes out swinging
Bottom of the 2nd over - 0 runs, 0 hits, 0 errors, 0 left on base; Kane County 0 - Atlanta (MID) 2
TOP OF THE 3RD
Kane County Cougars batting - Pitching for Atlanta (MID) Braves : RHP Omar Orosco
Batting: LHB Jeff Harmon 0-0: Called Strike
0-1: Ball
1-1: Foul Ball, location: 2F
1-2: Strikes out swinging
Batting: LHB Enrique Ponce 0-0: Called Strike
0-1: Ball
1-1: Foul Ball, location: 2F
1-2: Fly out, F7 (Flyball, 7, EV 90.0 MPH)
Batting: LHB Tae-geun Kwang 0-0: Called Strike
0-1: SINGLE (Groundball, 34D, EV 102.5 MPH)
Batting: RHB Ernesto Zamora 0-0: Swinging Strike
0-1: Ball
1-1: Ball
2-1: Foul Ball, location: 2F
2-2: Ball
3-2: Ground out 5-3 (Groundball, 56, EV 95.6 MPH)
Top of the 3rd over - 0 runs, 1 hit, 0 errors, 1 left on base; Kane County 0 - Atlanta (MID) 2
BOTTOM OF THE 3RD
Atlanta (MID) Braves batting - Pitching for Kane County Cougars : RHP Alex Andrade
Batting: RHB Adrian Billups 0-0: Called Strike
0-1: Swinging Strike
0-2: Ball
1-2: Foul Ball, location: 2F
1-2: Foul Ball, location: 2F
1-2: Fly out, F7 (Flyball, 78D, EV 96.9 MPH)
Batting: RHB Toki Takeuchi 0-0: Ground out 4-3 (Groundball, 4M, EV 89.4 MPH)
Batting: LHB Luis Cruz 0-0: Ball
1-0: Swinging Strike
1-1: Ball
2-1: Foul Ball, location: 2F
2-2: Strikes out swinging
Bottom of the 3rd over - 0 runs, 0 hits, 0 errors, 0 left on base; Kane County 0 - Atlanta (MID) 2
TOP OF THE 4TH
Kane County Cougars batting - Pitching for Atlanta (MID) Braves : RHP Omar Orosco
Batting: RHB Paul Schreiber 0-0: Ground out 6-3 (Groundball, 6, EV 91.2 MPH)
Batting: RHB Chad Mendoza 0-0: Called Strike
0-1: Ball
1-1: Swinging Strike
1-2: Foul Ball, location: 2F
1-2: Ball
2-2: Fly out, F7 (Flyball, 7LSF, EV 93.8 MPH)
Batting: RHB Steve Machol 0-0: Ball
1-0: Ball
2-0: Called Strike
2-1: Foul Ball, location: 2F
2-2: Ground out 5-3 (Groundball, 56S, EV 65.6 MPH)
Top of the 4th over - 0 runs, 0 hits, 0 errors, 0 left on base; Kane County 0 - Atlanta (MID) 2
BOTTOM OF THE 4TH
Atlanta (MID) Braves batting - Pitching for Kane County Cougars : RHP Alex Andrade
Batting: LHB Art D'Ascenzo 0-0: Ball
1-0: Fly out, F8 (Flyball, 89D, EV 88.8 MPH)
Batting: RHB Jose Ramos 0-0: Ball
1-0: Ball
2-0: Ball
3-0: Base on Balls
Batting: RHB Badr al Din Ridha 0-0: Called Strike
Jose Ramos is caught stealing 2nd base 2-4
0-1: Called Strike
0-2: Ground out 5-3 (Groundball, 5, EV 106.2 MPH)
Bottom of the 4th over - 0 runs, 0 hits, 0 errors, 0 left on base; Kane County 0 - Atlanta (MID) 2
TOP OF THE 5TH
Kane County Cougars batting - Pitching for Atlanta (MID) Braves : RHP Omar Orosco
Batting: RHB Sergio Manzanero 0-0: Ball
1-0: Foul Ball, location: 2F
1-1: Ball
2-1: Foul Ball, location: 2F
2-2: Strikes out swinging
Batting: SHB Evan Armagost 0-0: Called Strike
0-1: Ball
1-1: Called Strike
1-2: Ball
2-2: Ball
3-2: Strikes out swinging
Batting: LHB Jeff Harmon 0-0: SINGLE (Groundball, 56D, EV 96.2 MPH)
Batting: LHB Enrique Ponce 0-0: Called Strike
0-1: Foul Ball, location: 2F
0-2: Ball
1-2: Strikes out swinging
Top of the 5th over - 0 runs, 1 hit, 0 errors, 1 left on base; Kane County 0 - Atlanta (MID) 2
BOTTOM OF THE 5TH
Atlanta (MID) Braves batting - Pitching for Kane County Cougars : RHP Alex Andrade
Batting: RHB Mike Shook 0-0: Ball
1-0: Ball
2-0: Ball
3-0: Base on Balls
Batting: RHB Andy Cunningham 0-0: Swinging Strike
0-1: Ball
1-1: Foul Ball, location: 2F
1-2: Ball
2-2: Ball
3-2: Strikes out swinging
Batting: SHB Ian Arlotta 0-0: Called Strike
0-1: Foul Ball, location: 2F
0-2: Foul Ball, location: 2F
0-2: SINGLE (Groundball, 4M, EV 110.0 MPH) (infield hit)
Mike Shook to second
Batting: RHB Adrian Billups 0-0: Ball
1-0: Ball
2-0: Ball
3-0: Base on Balls
Mike Shook to third
Ian Arlotta to second
Batting: RHB Toki Takeuchi 0-0: Called Strike
0-1: Ball
1-1: Ball
2-1: Swinging Strike
2-2: Foul Ball, location: 2F
2-2: Ball
3-2: Fly out, F7 (Flyball, 7LSF, EV 92.5 MPH)
Batting: LHB Luis Cruz 0-0: DOUBLE (Line Drive, 9LM, EV 111.2 MPH)
Mike Shook scores
Ian Arlotta scores
Adrian Billups to third
Runner from 3rd tries for Home, throw by RF and OUT! 9-4-2
Bottom of the 5th over - 2 runs, 2 hits, 0 errors, 1 left on base; Kane County 0 - Atlanta (MID) 4
TOP OF THE 6TH
Kane County Cougars batting - Pitching for Atlanta (MID) Braves : RHP Omar Orosco
Batting: LHB Tae-geun Kwang 0-0: Swinging Strike
0-1: Ball
1-1: Foul Ball, location: 2F
1-2: Foul Ball, location: 2F
1-2: Foul Ball, location: 2F
1-2: Strikes out swinging
Batting: RHB Ernesto Zamora 0-0: Called Strike
0-1: Ball
1-1: SINGLE (Flyball, 8RS, EV 85.6 MPH)
Batting: RHB Paul Schreiber 0-0: Called Strike
Ernesto Zamora is caught stealing 2nd base 2-4
0-1: Ground out 6-3 (Groundball, 6, EV 85.6 MPH)
Top of the 6th over - 0 runs, 1 hit, 0 errors, 0 left on base; Kane County 0 - Atlanta (MID) 4
BOTTOM OF THE 6TH
Atlanta (MID) Braves batting - Pitching for Kane County Cougars : RHP Alex Andrade
Batting: LHB Art D'Ascenzo 0-0: SINGLE (Groundball, 25, EV 66.2 MPH) (infield hit)
Batting: RHB Jose Ramos 0-0: Fly out, F6 (Popup, P, EV 88.1 MPH)
Batting: RHB Badr al Din Ridha 0-0: Ball
1-0: Ball
2-0: Ball
3-0: Base on Balls
Art D'Ascenzo to second
Batting: RHB Mike Shook 0-0: Ball
Art D'Ascenzo steals 3rd base
Badr al Din Ridha to second
1-0: Foul Ball, location: 2F
1-1: 3-RUN HOME RUN (Flyball, 9LD, EV 93.8 MPH), Distance : 348 ft
Pitching: LHP Cody Batchelor
Batting: RHB Andy Cunningham 0-0: Ball
1-0: SINGLE (Flyball, 8RS, EV 86.2 MPH)
Batting: SHB Ian Arlotta 0-0: Called Strike
Andy Cunningham steals 2nd base
0-1: Foul Ball, location: 2F
0-2: Ball
1-2: Foul Ball, location: 2F
1-2: Fly out, F7 (Flyball, 7LM, EV 98.8 MPH)
Batting: RHB Adrian Billups 0-0: Foul Ball, location: 2F
0-1: SINGLE (Groundball, 6, EV 96.9 MPH)
Andy Cunningham to third
Runner from 3rd tries for Home, SAFE, throw by CF to home
Batting: RHB Toki Takeuchi 0-0: Ball
1-0: Swinging Strike
1-1: Ball
2-1: Foul Ball, location: 2F
2-2: Strikes out swinging
Bottom of the 6th over - 4 runs, 4 hits, 0 errors, 1 left on base; Kane County 0 - Atlanta (MID) 8
TOP OF THE 7TH
Kane County Cougars batting - Pitching for Atlanta (MID) Braves : RHP Omar Orosco
Batting: RHB Chad Mendoza 0-0: Ball
1-0: Foul Ball, location: 2F
1-1: Foul Ball, location: 2F
1-2: Ball
2-2: Ground out U3 (Groundball, 34, EV 86.2 MPH)
Batting: RHB Steve Machol 0-0: Ball
1-0: Ball
2-0: SINGLE (Line Drive, 89S, EV 93.8 MPH)
Batting: RHB Sergio Manzanero 0-0: Ball
1-0: Swinging Strike
1-1: Foul Ball, location: 2F
1-2: Ball
2-2: Fielders Choice at 2nd, 5-4 (Groundball, 56S, EV 83.8 MPH)
Batting: SHB Evan Armagost 0-0: Ball
1-0: Called Strike
Sergio Manzanero steals 2nd base (no throw)
1-1: Swinging Strike
1-2: Ball
2-2: Foul Ball, location: 2F
2-2: Strikes out looking
Top of the 7th over - 0 runs, 1 hit, 0 errors, 1 left on base; Kane County 0 - Atlanta (MID) 8
BOTTOM OF THE 7TH
Atlanta (MID) Braves batting - Pitching for Kane County Cougars : LHP Cody Batchelor
Batting: LHB Luis Cruz 0-0: Called Strike
0-1: Swinging Strike
0-2: Ball
1-2: Ball
2-2: Foul Ball, location: 2F
2-2: Strikes out looking
Batting: LHB Art D'Ascenzo 0-0: Called Strike
0-1: Ground out U3 (Groundball, 3, EV 86.2 MPH)
Batting: RHB Jose Ramos 0-0: Foul Ball, location: 2F
0-1: Foul Ball, location: 2F
0-2: Strikes out swinging
Bottom of the 7th over - 0 runs, 0 hits, 0 errors, 0 left on base; Kane County 0 - Atlanta (MID) 8
TOP OF THE 8TH
Kane County Cougars batting - Pitching for Atlanta (MID) Braves : RHP Omar Orosco
Batting: LHB Jeff Harmon 0-0: Ball
1-0: Ball
2-0: Ball
3-0: Called Strike
3-1: Ground out 4-3 (Groundball, 4MS, EV 84.4 MPH)
Batting: LHB Enrique Ponce 0-0: Swinging Strike
0-1: Ball
1-1: Foul Ball, location: 2F
1-2: Strikes out looking
Batting: LHB Tae-geun Kwang 0-0: Foul Ball, location: 2F
0-1: Ball
1-1: Ground out 4-3 (Groundball, 4, EV 81.9 MPH)
Top of the 8th over - 0 runs, 0 hits, 0 errors, 0 left on base; Kane County 0 - Atlanta (MID) 8
BOTTOM OF THE 8TH
Atlanta (MID) Braves batting - Pitching for Kane County Cougars : LHP Cody Batchelor
Batting: RHB Badr al Din Ridha 0-0: Called Strike
0-1: Swinging Strike
0-2: Ball
1-2: Ground out 5-3 (Groundball, 56S, EV 80.0 MPH)
Batting: RHB Mike Shook 0-0: Ground out 6-3 (Groundball, 6, EV 107.5 MPH)
Batting: RHB Andy Cunningham 0-0: Ball
1-0: Called Strike
1-1: Swinging Strike
1-2: Ball
2-2: Strikes out looking
Bottom of the 8th over - 0 runs, 0 hits, 0 errors, 0 left on base; Kane County 0 - Atlanta (MID) 8
TOP OF THE 9TH
Kane County Cougars batting - Pitching for Atlanta (MID) Braves : RHP Omar Orosco
Pitching: RHP Jose Medina
Batting: RHB Ernesto Zamora 0-0: SINGLE (Groundball, 56D, EV 96.9 MPH)
Batting: RHB Paul Schreiber 0-0: Ball
1-0: TRIPLE (Flyball, 78XD, EV 103.8 MPH)
Ernesto Zamora scores
Batting: RHB Chad Mendoza 0-0: Ball
1-0: Foul Ball, location: 2F
1-1: Fly out, F8 (Flyball, 89M, EV 84.4 MPH)
Batting: RHB Steve Machol 0-0: Called Strike
0-1: Ball
1-1: Ball
2-1: Foul Ball, location: 2F
2-2: Strikes out swinging
Batting: RHB Sergio Manzanero 0-0: Swinging Strike
0-1: Swinging Strike
0-2: Foul Ball, location: 2F
0-2: Strikes out swinging
Top of the 9th over - 1 run, 2 hits, 0 errors, 1 left on base; Kane County 1 - Atlanta (MID) 8
Tuesday, September 13th , 2022 - OOTP Baseball 23.7 Build 88